 Dungeon Crawl Stone Soup version 0.28-a0-948-gee6e0bcda6 (webtiles) character file.

Game seed: 18106390683477830319

12012 ndbw the Covert (level 11, 0/54 HPs)
             Began as a Spriggan Enchanter on Nov 30, 2021.
             Was an Elder of Dithmenos.
             Slain by a boulder beetle (22 damage)
             ... on level 11 of the Dungeon.
             The game lasted 00:31:40 (15938 turns).

ndbw the Covert (Spriggan Enchanter)               Turns: 15938, Time: 00:31:41

Health: 0/54       AC: 12    Str:  7    XL:     11   Next: 56%
Magic:  21/27      EV: 22    Int: 17    God:    Dithmenos [****..]
Gold:   664        SH:  0    Dex: 16    Spells: 21/32 levels left

rFire   + . .      SeeInvis +   e - +9 quick blade (protect)
rCold   . . .      Faith    .   (shield restricted)
rNeg    + . .      Spirit   .   y - +4 steam dragon scales
rPois   .          Reflect  .   (helmet restricted)
rElec   .          Harm     .   E - +2 cloak
rCorr   .          Rampage  .   (gloves unavailable)
Will    +....                   (boots unavailable)
Stlth   ++++++++..              C - amulet of the acrobat
HPRegen 0.18/turn               D - ring of protection from fire
MPRegen 0.20/turn               F - ring of positive energy

@: wreathed by umbra, very quick
A: very small, no large weapons, unfitting armour, see invisible, speed 3
a: Renounce Religion, Shadow Step


You were on level 11 of the Dungeon.
You worshipped Dithmenos.
Dithmenos was greatly pleased with you.
You visited 2 branches of the dungeon, and saw 12 of its levels.
You also visited: Ossuary.

You collected 664 gold pieces.

Inventory:

Hand Weapons
 e - a +9 quick blade of protection (weapon)
Missiles
 c - 51 poisoned darts (quivered)
 x - 5 datura-tipped darts
 z - a throwing net
Armour
 y - +4 steam dragon scales (worn)
 E - a +2 cloak (worn)
Jewellery
 h - a ring of ice
 r - an amulet of reflection
 C - an amulet of the acrobat (around neck)
 D - a ring of protection from fire (left hand)
 F - a ring of positive energy (right hand)
Wands
 d - a wand of polymorph (19)
 j - a wand of iceblast (2)
 k - a wand of acid (5)
 n - a wand of paralysis (7)
 A - a wand of flame (30)
Scrolls
 a - 4 scrolls of identify
 b - a scroll of fear
 l - 3 scrolls of enchant weapon
 m - 6 scrolls of teleportation
 o - a scroll of silence
 u - 4 scrolls of blinking
 B - 2 scrolls of magic mapping
Potions
 f - 3 potions of haste
 g - 9 potions of curing
 i - 2 potions of magic
 p - 2 potions of brilliance
 q - 2 potions of invisibility
 s - 2 potions of heal wounds
 t - a potion of ambrosia
 v - 2 potions of lignification
 w - 2 potions of flight
 G - a potion of attraction


   Skills:
 + Level 4.6 Fighting
 + Level 6.4 Short Blades
 + Level 8.2 Dodging
 + Level 13.8 Stealth
 + Level 11.3 Spellcasting
 + Level 11.6 Hexes


You had 21 spell levels left.
You knew the following spells:

 Your Spells              Type           Power      Damage    Failure   Level
a - Ensorcelled Hibernat  Hex/Ice        58%        N/A       1%          2
b - Tukima's Dance        Hex            49%        N/A       1%          3
c - Dazzling Flash        Conj/Hex       58%        N/A       1%          3
d - Summon Guardian Gole  Hex/Summ       29%        N/A       1%          3

Your spell library contained the following spells:

 Spells                   Type           Power      Damage    Failure   Level
 Slow                     Hex            100%       N/A       1%          1
 Confusing Touch          Hex            49%        N/A       1%          3
 Portal Projectile        Hex/Tloc       58%        N/A       1%          3
 Fulminant Prism          Conj/Hex       14%        3d9       7%          4
 Leda's Liquefaction      Hex/Erth       14%        N/A       7%          4
 Animate Skeleton         Necr           18%        N/A       8%          1
 Apportation              Tloc           18%        N/A       8%          1
 Magic Dart               Conj           36%        1d4       8%          1
 Sandblast                Erth           18%        2d7       8%          1
 Summon Small Mammal      Summ           36%        N/A       8%          1
 Passwall                 Tmut/Erth      7%         N/A       11%         2
 Searing Ray              Conj           18%        2d5       11%         2
 Yara's Violent Unravell  Hex/Tmut       14%        3d7       19%         5
 Call Canine Familiar     Summ           9%         N/A       22%         3
 Stone Arrow              Conj/Erth      18%        3d8       22%         3
 Flame Wave               Conj/Fire      9%         2d4       58%         4
 Passage of Golubria      Tloc           9%         N/A       58%         4
 Starburst                Conj/Fire      4%         6d4       100%        6
 Fire Storm               Conj/Fire      4%         8d1       100%        9


Dungeon Overview and Level Annotations

Branches:
Dungeon (11/15)            Temple (1/1) D:6            Lair (0/6) D:8
    Orc (0/2) D:10        Ossuary (visited)

Altars:
Ashenzari
Cheibriados
Dithmenos
Elyvilon
Fedhas
Gozag
Hepliaklqana
Kikubaaqudgha
Makhleb
Nemelex Xobeh
Okawaru
Qazlal
Ru
Sif Muna
Trog
Uskayaw
Vehumet
Wu Jian
Xom
Yredelemnul
Zin
The Shining One
Beogh

Annotations:
D:11 Snorg


Innate Abilities, Weirdness & Mutations

You are very small and have problems with some larger weapons.
You are too small for most types of armour.
You have supernaturally acute eyesight. (SInv)
You cover ground extremely quickly. (Speed+++)


Message History

You hear a bellow!
Unknown command.
Unknown command.
Unknown command.
Aiming: Iceblast
Press: ? - help, Shift-Dir - straight line The mass of ice explodes!
The iceblast engulfs the boulder beetle.
The boulder beetle is almost dead.
The iceblast engulfs Snorg!
Snorg is moderately wounded.
The yak bellows!
You hear a bellow!
Unknown command.
Unknown command.
Unknown command.
Aiming: Iceblast
Press: ? - help, Shift-Dir - straight line The mass of ice explodes!
The iceblast engulfs the boulder beetle but does no damage.
The boulder beetle is almost dead.
The iceblast engulfs Snorg!
Snorg is heavily wounded.
A yak comes into view.
The boulder beetle completely misses you.
The boulder beetle stops rolling and uncurls.
A yak comes into view.
Unknown command.
Unknown command.
Aiming: Iceblast
Press: ? - help, Shift-Dir - straight line, f - Snorg
Aim: Snorg (heavily wounded, slow, umbra)
The mass of ice explodes!
The iceblast engulfs Snorg!
Snorg is heavily wounded.
The iceblast engulfs the yak!
The yak is heavily wounded.
The iceblast engulfs the boulder beetle but does no damage.
The boulder beetle is almost dead.
The yak bellows!
The boulder beetle bites you!!
You die...

.#.#.#.#.#..##
...Y..!..................##
.......#.#.#.#.#.#.#.#.#...
...YY.................#..##
[....#.#.#.#.#.#.#.#...##
....Y.Y............####
#...Y#.#.#.#.#.#.# #####
#....T...........#
#####...#
#...°B@..####.#..#
○°°°B...###...###### #....#
#####..°°..>○## ####.#
###..###..# #.#
####(........# #.#
.....)..###.## #.#
####.#......# #.# #
#.######.# #.# # #.#
#.##############.#


You could see Snorg (slow), a boulder beetle and 5 yaks.

Vanquished Creatures
  A death knight (D:11)
  A phantasmal warrior (D:11)
  Maurice (D:8)
  Maggie (D:8)
  Psyche (D:8)
  A komodo dragon (D:8)
  2 trolls
  A hornet (D:11)
  Prince Ribbit (D:9)
  3 wraiths
  7 yaks (D:9)
  2 wyverns
  A steam dragon (D:7)
  Menkaure (D:6)
  4 wargs (D:10)
  4 vampire mosquitoes (D:10)
  4 water moccasins (D:8)
  2 ice beasts
  6 orc warriors
  3 sky beasts
  4 black bears
  2 ogres
  A centaur (D:9)
  The ghost of xoxolimbo the Firebug, an amateur DsFE (D:4)
  A phantom (D:5)
  3 kobold brigands
  2 bullfrogs
  A gnoll sergeant (D:10)
  2 scorpions
  A wyvern skeleton (D:7)
  15 killer bees
  A howler monkey (D:6)
  3 centaur zombies
  2 bullfrog zombies (D:5)
  8 hounds
  3 jellies
  9 orc priests
  2 gnoll shamans
  A bullfrog skeleton (D:6)
  7 iguanas
  8 orc wizards
  13 mummies
  2 howler monkey zombies
  16 gnolls
  6 adders
  A shadow imp (D:7)
  2 white imps
  3 ufetubi
  An adder skeleton (D:4)
  2 worms
  4 dart slugs
  40 orcs
  5 ball pythons
  9 endoplasms
  3 giant cockroaches
  5 goblins
  6 hobgoblins
  8 jackals
  23 kobolds
  A quokka (D:2)
  7 bats (D:1)
  3 frilled lizards
  5 gnoll skeletons (Ossuary)
  A goblin zombie (D:6)
  A hobgoblin zombie (D:6)
  A kobold skeleton (Ossuary)
  2 orc skeletons (Ossuary)
  3 rats
  11 rat skeletons (Ossuary)
308 creatures vanquished.

Vanquished Creatures (collateral kills)
  An orc warrior (D:9)
  An ogre (D:5)
  A gnoll sergeant (D:11)
  2 gnolls
  4 orcs
9 creatures vanquished.

Vanquished Creatures (others)
  4 dancing weapons
  50 fungi (D:8)
  73 plants
127 creatures vanquished.

Grand Total: 444 creatures vanquished

Notes
Turn   | Place    | Note
-------+----------+-------------------------------------------
     0 | D:1      | ndbw the Spriggan Enchanter began the quest for the Orb.
     0 | D:1      | Reached XP level 1. HP: 9/9 MP: 5/5
   833 | D:1      | Reached XP level 2. HP: 13/13 MP: 7/7
   836 | D:1      | Learned a level 2 spell: Ensorcelled Hibernation
   840 | D:1      | Found a faded altar of an unknown god.
  1080 | D:1      | You fall into a shaft and drop 1 floor!
  1250 | D:1      | Found a sacrificial altar of Ru.
  1799 | D:1      | Reached XP level 3. HP: 16/16 MP: 6/9
  2117 | D:2      | Learned a level 3 spell: Tukima's Dance
  2121 | D:2      | Learned a level 3 spell: Dazzling Flash
  3186 | D:3      | Reached skill level 5 in Hexes
  3186 | D:3      | Reached XP level 4. HP: 21/21 MP: 11/11
  3986 | D:3      | HP: 1/21 [orc priest (2)]
  4380 | D:3      | Got the Handbook of Flames
  4788 | D:3      | Reached XP level 5. HP: 24/24 MP: 13/13
  5357 | D:4      | Found a runed translucent gate.
  5358 | D:4      | Found a runed translucent gate.
  5359 | D:4      | Found a runed translucent gate.
  5361 | D:4      | Noticed xoxolimbo's ghost (amateur DsFE)
  5382 | D:4      | Reached skill level 5 in Spellcasting
  5494 | D:4      | Identified a scroll of acquirement
  5494 | D:4      | Acquired a +9 quick blade
  5660 | D:4      | Noticed an ogre
  5874 | D:4      | Reached skill level 5 in Stealth
  6003 | D:4      | Noticed a black bear
  6038 | D:4      | Killed a black bear
  6039 | D:4      | Reached XP level 6. HP: 28/28 MP: 7/15
  6471 | D:4      | Reached skill level 6 in Stealth
  6543 | D:4      | Killed xoxolimbo's ghost
  6829 | D:5      | Entered Level 5 of the Dungeon
  6838 | D:5      | Noticed a sky beast
  6850 | D:5      | Killed a sky beast
  6851 | D:5      | Reached XP level 7. HP: 32/32 MP: 17/17
  6874 | D:5      | HP: 1/32 [sky beast (6)]
  6897 | D:5      | Reached skill level 7 in Stealth
  7334 | D:5      | Reached skill level 8 in Stealth
  7629 | D:5      | Reached XP level 8. HP: 31/36 MP: 11/20
  7656 | D:5      | Reached skill level 9 in Stealth
  7837 | D:5      | Learned a level 3 spell: Summon Guardian Golem
  8052 | D:6      | Found a sand-covered staircase.
  8057 | Ossuary  | Entered an ossuary
  8432 | D:6      | Reached skill level 10 in Stealth
  8460 | D:6      | Noticed Menkaure
  8464 | D:6      | Killed Menkaure
  9022 | D:6      | Found a staircase to the Ecumenical Temple.
  9038 | D:6      | Reached XP level 9. HP: 39/39 MP: 22/22
  9084 | Temple   | Entered the Ecumenical Temple
  9191 | Temple   | Became a worshipper of Dithmenos the Shadowed
  9690 | D:7      | Reached skill level 1 in Fighting
 10006 | D:7      | Reached skill level 11 in Stealth
 10252 | D:7      | Reached * piety under Dithmenos
 11072 | D:8      | Noticed Maggie
 11079 | D:8      | Killed Maggie
 11080 | D:8      | Reached skill level 10 in Hexes
 11082 | D:8      | Noticed a troll
 11091 | D:8      | Killed a troll
 11092 | D:8      | Reached skill level 5 in Dodging
 11254 | D:8      | Noticed a komodo dragon
 11274 | D:8      | Killed a komodo dragon
 11275 | D:8      | Reached XP level 10. HP: 12/47 MP: 18/24
 11560 | D:8      | Reached skill level 10 in Spellcasting
 11578 | D:8      | Found a staircase to the Lair.
 11592 | D:8      | Reached skill level 12 in Stealth
 11606 | D:8      | Noticed Maurice
 11614 | D:8      | Killed Maurice
 12279 | D:8      | Noticed Psyche
 12281 | D:8      | Reached ** piety under Dithmenos
 12297 | D:8      | Killed Psyche
 12704 | D:9      | Noticed Prince Ribbit
 12769 | D:9      | Killed Prince Ribbit
 12949 | D:9      | Reached skill level 5 in Short Blades
 13207 | D:9      | Reached skill level 13 in Stealth
 13802 | D:9      | Reached *** piety under Dithmenos
 13939 | D:10     | Entered Level 10 of the Dungeon
 14023 | D:10     | Reached XP level 11. HP: 52/53 MP: 26/26
 14070 | D:10     | Found a shimmering altar of Xom.
 14853 | D:10     | Found a staircase to the Orcish Mines.
 15520 | D:11     | Noticed a phantasmal warrior
 15545 | D:11     | Killed a phantasmal warrior
 15554 | D:11     | Noticed a death knight
 15594 | D:11     | Killed a death knight
 15783 | D:11     | Identified the +5 shortbow of Urreurul {vorpal, +Blink rF++
                  | rCorr Str-5}
 15806 | D:11     | Reached **** piety under Dithmenos
 15897 | D:11     | Noticed Snorg
 15897 | D:11     | Noticed a boulder beetle
 15938 | D:11     | Slain by a boulder beetle

Illustrated notes

Levels and vault maps discovered:
D:1:      evilmike_arrival_rings, layout_loops_ring,
          hellmonk_ecumenical_altar_heavens_door, kennysheep_flooded_box
D:2:      layout_loops_cross, serial_bayou_lake_a
D:3:      layout_basic
D:4:      layout_basic, ebering_ghost_rock_garden, mrwooster_statue_mirror,
          grunt_ministairs_14, minmay_fractal_squares_diagonal_5
D:5:      layout_rooms, minmay_fractal_squares_5
D:6:      layout_gridville, temple_pool_b, nicolae_ossuary_entry_giza,
          uniq_menkaure
D:7:      layout_basic, grunt_decor_cap
D:8:      layout_loops_ring, due_lair_maze_entry_diamond, uniq_maurice,
          uniq_maggie, uniq_psyche
D:9:      layout_basic, uniq_prince_ribbit1
D:10:     layout_long_grid, mainiacjoe_overflow_24_doors, david_orc_1_choice,
          david_defended_altar_orc
D:11:     layout_loops_ring, hex_large, uniq_snorg
Temple:   kilobyte_greek_temple

Skill      XL: |  1  2  3  4  5  6  7  8  9 10 11 |
---------------+----------------------------------+-----
Spellcasting   | 3 4 5 6 7 8 9 10 11 | 11.3
Hexes          | 4 5 6 7 9 10 11 | 11.6
Stealth        | 5 6 8 10 11 13 | 13.8
Dodging        | 5 7 8 |  8.2
Fighting       | 2 3 4 |  4.6
Short Blades   | 3 5 6 |  6.4

Action                   |  1- 3 |  4- 6 |  7- 9 | 10-12 || total
-------------------------+-------+-------+-------+-------++-------
Melee: Dagger            |   145 |    79 |       |       ||   224
       Quick blade       |       |    56 |   293 |   462 ||   811
 Cast: Ensorcelled Hiber |    15 |    28 |    46 |    36 ||   125
       Tukima's Dance    |       |     5 |    12 |    19 ||    36
       Dazzling Flash    |       |       |     7 |     5 ||    12
Evoke: Wand              |       |       |     4 |    12 ||    16
  Use: Scroll            |     4 |     9 |     7 |     6 ||    26
       Potion            |     1 |     5 |     1 |     3 ||    10
 Stab: Sleeping          |    21 |    22 |    53 |    31 ||   127
       Distracted        |     1 |       |     1 |     3 ||     5
       Invisible         |       |       |     2 |     3 ||     5
Armor: Robe              |    14 |     7 |     7 |       ||    28
       Skin              |     6 |       |       |       ||     6
       Steam dragon scal |       |       |    11 |    45 ||    56
Dodge: Dodged            |   112 |    88 |   159 |   280 ||   639

Table legend: (Time is in decaauts)
 A = Elapsed time spent in this place.
 B = Non-inter-level travel time spent in this place.
 C = Inter-level travel time spent in this place.
 D = Time resting spent in this place.
 E = Time spent auto-exploring this place.
 F = Levels seen in this place.
 G = Mean time per level.
                   A        B        C        D        E       F      G
               +--------+--------+--------+--------+--------+-----+--------+
         Total |  12461 |  12172 |    289 |   3179 |   6914 |  13 |  958.5 |
       Dungeon |  12177 |  11912 |    265 |   3179 |   6772 |  11 | 1107.0 |
        Temple |     88 |     65 |     23 |      0 |     55 |   1 |   88.0 |
       Ossuary |    195 |    195 |      0 |      0 |     87 |   1 |  195.0 |
               +--------+--------+--------+--------+--------+-----+--------+

Top non-repeatable levels by time:
     D:2: 1846 daAuts
     D:3: 1484 daAuts
     D:7: 1368 daAuts
     D:1: 1249 daAuts
     D:4: 1055 daAuts
     D:8: 973 daAuts
     D:5: 954 daAuts
    D:10: 928 daAuts
     D:9: 922 daAuts
     D:6: 922 daAuts
    D:11: 472 daAuts
 Ossuary: 195 daAuts
  Temple: 88 daAuts
